 Dungeon Crawl Stone Soup version 0.27.0-1-g7a089689b8 (webtiles) character file.

Game seed: 13852314230088471508

16 Spectrina the Magician (level 2, -4/21 HPs)
             Began as a Djinni Necromancer on Aug 17, 2021.
             Was a Plaything of Xom.
             Slain by an adder (5 damage)
             ... on level 2 of the Dungeon.
             The game lasted 00:04:59 (582 turns).

Spectrina the Magician (Djinni Necromancer)          Turns: 582, Time: 00:04:59

Health: -4/21      AC:  2    Str:  7    XL:     2   Next: 70%
Gold:   87         EV: 12    Int: 16    God:    Xom [.....*] SH:  0 Dex: 13

rFire    + + .     SeeInvis .   e - +0 dagger
rCold    x . .     Faith    .   (no shield)
rNeg     . . .     Spirit   .   a - +0 robe
rPois    ∞         Reflect  .   (no helmet)
rElec    .         Harm     .   (no cloak)
rCorr    .         Rampage  .   (no gloves)
Will     .....                  (boots unavailable)
Stlth    ++........             (no amulet)
HPRegen  0.07/turn              (no ring)
MPRegen  0.00/turn              (no ring)

@: flying
A: sickness immunity, fire resistance 2, cold vulnerability 1, float, innate
caster, hp casting, extra vitality 1
a: Renounce Religion


You were on level 2 of the Dungeon.
You worshipped Xom.
You were Xom's teddy bear.
You visited 1 branch of the dungeon, and saw 3 of its levels.

You collected 87 gold pieces.

Inventory:

Hand Weapons
 d - a +0 short sword
 e - a +0 dagger (weapon)
Missiles
 b - 42 stones
 f - 38 arrows
 i - 23 bolts
Armour
 a - a +0 robe (worn)
Scrolls
 c - a scroll of vulnerability {unknown}
 g - 2 scrolls of teleportation {unknown}
Potions
 h - 2 potions of curing {unknown}


   Skills:
 - Level 2.1 Dodging
 - Level 1.5 Stealth
 + Level 3.7 Spellcasting


You couldn't memorise any spells.
You knew the following spells:

 Your Spells              Type           Power      Damage    Failure   Level
a - Pain                  Necr           60%        1d7       3%          1
c - Vampiric Draining     Necr           7%         2d7       11%         3
d - Animate Dead          Necr           7%         N/A       36%         4
e - Agony                 Necr           15%        N/A       71%         5
m - Animate Skeleton      Necr           30%        N/A       3%          1
Your spell library was empty.

Dungeon Overview and Level Annotations

Branches:
Dungeon (3/15)

Altars:
Xom


Innate Abilities, Weirdness & Mutations

You are immune to sickness and miasma.
You are immune to poison.
Your flesh is very heat resistant. (rF++)
You are vulnerable to cold. (rC-)
You float through the air rather than walking.
You learn spells naturally, not from books.
Your magical power is your life essence.
You have superior vitality. (+4 HP)


Message History

You can't see any susceptible monsters within range! (Use Z to cast anyway.) Unknown command.
An adder comes into view.
The adder hisses angrily.
Unknown command.
Casting: Pain (safe; 3% risk of failure)
Confirm with . or Enter, or press ? or * to list all spells.
Aiming: Pain (safe; 3% risk of failure)
Press: ? - help, Shift-Dir - straight line, f - adder
Aim: an adder (chance to affect: 80%)
The adder writhes in agony.
* * * LOW HITPOINT WARNING * * *
"Heh heh heh..."
The adder looks rather confused. x2; The adder seems less confused.
Unknown command.
Unknown command.
Casting: Pain (safe; 3% risk of failure)
Confirm with . or Enter, or press ? or * to list all spells.
Aiming: Pain (safe; 3% risk of failure)
Press: ? - help, Shift-Dir - straight line, f/p - adder
Aim: an adder (moderately wounded, chance to affect: 80%)
The adder writhes in agony.
* * * LOW HITPOINT WARNING * * *
Unknown command.
Casting: Pain (safe; 3% risk of failure)
Confirm with . or Enter, or press ? or * to list all spells.
Aiming: Pain (safe; 3% risk of failure)
Press: ? - help, Shift-Dir - straight line, f/p - adder
Aim: an adder (heavily wounded, chance to affect: 80%)
The adder writhes in agony.
* * * LOW HITPOINT WARNING * * *
Unknown command.
Casting: Pain (safe; 3% risk of failure)
Confirm with . or Enter, or press ? or * to list all spells.
Okay, then.
Unknown command.
You closely miss the adder.
The adder is severely wounded.
The adder bites you.
You die...

##########
.....#........
.....#.......
.....#......
.....#.....
#.##.#.##.#
#.##.#.##.#######
######.##...).........
.#......##@......#####
.........S.......#####
.###.#.###.......>..#
#......>...#...#####
###.#.####.#...# #.#.#
#.#...# . #.# #.#...#
## #.# #.#...##### ..#
#.#........


You could see an adder.

Vanquished Creatures
  An orc (D:3)
  3 endoplasms
  A giant cockroach (D:2)
  2 hobgoblins
  A frilled lizard (D:3)
  A goblin (D:1)
  4 kobolds
13 creatures vanquished.

Notes
Turn   | Place    | Note
-------+----------+-------------------------------------------
     0 | D:1      | Spectrina the Djinni Necromancer began the quest for the
                  | Orb.
     0 | D:1      | Reached XP level 1. HP: 15/15 MP: 0/0
    86 | D:1      | Found a faded altar of an unknown god.
    94 | D:1      | Became a worshipper of Xom of Chaos
   104 | D:2      | XOM: divination: magic mapping
   151 | D:2      | Reached XP level 2. HP: 5/21 MP: 0/0
   155 | D:2      | XOM: noise
   490 | D:3      | XOM: god gift: 16 stones
   504 | D:3      | XOM: god gift: dark potion {god gift}
   578 | D:2      | XOM: confuse monster(s)
   582 | D:2      | Slain by an adder

Illustrated notes

Levels and vault maps discovered:
D:1:      erik_arrival_orb_chamber, layout_loops_corners,
          hellmonk_ecumenical_altar_leap_of_faith
D:2:      layout_basic, serial_glass, glass_columns_a, glass_columns_c,
          feat_on_display, item_on_display_a, due_unseen_surprise,
          item_on_display_a, minmay_snake_closets
D:3:      layout_basic, kennysheep_generic_room_3

Action                   || total
-------------------------++-------
Melee: Dagger            ||     2
 Cast: Pain              ||    26
       Animate Skeleton  ||     1
Armor: Robe              ||     1
